 Dungeon Crawl Stone Soup version 0.21.1-1-g345015f (webtiles) character file.

63 inc the Skirmisher (level 3, -7/46 HPs)
             Began as a Demonspawn Monk on June 14, 2018.
             Mangled by an ogre
             ... wielding a +0 giant club
              (11 damage)
             ... on level 2 of the Dungeon.
             The game lasted 00:02:35 (2064 turns).

inc the Skirmisher (Demonspawn Monk)                Turns: 2064, Time: 00:02:36

Health: -7/46      AC: 21    Str: 11    XL:     3   Next: 87%
Magic:  3/3        EV:  2    Int: 12    God:
Gold:   92         SH:  0    Dex: 15    Spells: 2/2 levels left

rFire    . . .     SeeInvis .   a - +0 mace
rCold    . . .     Gourm    .   (no shield)
rNeg     + + +     Faith    .   (armour currently unavailable)
rPois    +         Spirit   .   (helmet currently unavailable)
rElec    .         Reflect  .   (cloak currently unavailable)
rCorr    .         Harm     .   (gloves currently unavailable)
MR       .....     NoTele   +   (boots currently unavailable)
Stlth    ++........             (no amulet)
HPRegen  0.15/turn              (no ring)
MPRegen  0.08/turn              (no ring)

@: tree-form
A: no striking features
a: no special abilities


You were on level 2 of the Dungeon.
You were hungry.
You were a tree.
You visited 1 branch of the dungeon, and saw 3 of its levels.

You collected 92 gold pieces.

Inventory:

Hand Weapons
 a - a +0 mace (weapon)
Armour
 b - a +0 robe
 j - a +0 pair of boots (melded)
 k - a +0 leather armour (melded)
Wands
 l - a wand of iceblast (12)
Scrolls
 e - a scroll of immolation
 g - 2 scrolls of remove curse
 h - a scroll of fog {unknown}
 m - a scroll of enchant armour {unknown}
 o - a scroll of identify
Potions
 d - a potion of flight {unknown}
 f - a potion of lignification
 i - 2 potions of magic
Comestibles
 c - 4 rations


   Skills:
 - Level 4.3 Fighting
 + Level 3.3 Maces & Flails
 - Level 2.6 Dodging
 - Level 1.7 Stealth


You had 2 spell levels left.
You didn't know any spells.

Dungeon Overview and Level Annotations

Branches:
Dungeon (3/15)

Altars:

Annotations:
D:3 inc's ghost, amateur DsMo


Innate Abilities, Weirdness & Mutations

((You have large cloven feet.))
((Your flesh is cold resistant. (rC+)))


Message History

Okay, then.
You turn into a tree.
Your +0 pair of boots melds into your body.
Your +0 leather armour melds into your body.
Your roots penetrate the ground.
You hit the ogre but do no damage. The ogre hits you with a giant club!
You hit the ogre.
The ogre is moderately wounded.
The ogre hits you with a giant club!
You barely miss the ogre.
The ogre is moderately wounded.
The ogre hits you but does no damage.
You sock the ogre!
The ogre is heavily wounded.
The ogre hits you with a giant club!
* * * LOW HITPOINT WARNING * * *
You sock the ogre!
The ogre is almost dead.
The ogre hits you with a giant club!
You die...

# ##.##.#.)......##.##.###.......
###..#.................# #.######
.#.#.#......#####.#.#..###.######
#.##.#.##.#######.).#............
####.#.##......##..##.###.#######
#.#.#######.###...## #.# #
####.#.#######.# #.### #.# #
...............###.# #># #
####.##.##.....O♣..# #.# #
#.......######### #.#######
####...)....... #......##
#######........... ######.##
...........#####..# #.##
####.#..##.# #..# #.##
#.#..##(#####..# #.##
####.#........##..# #.#
#.............##..### #.#


You could see an ogre.

Vanquished Creatures
  An adder (D:2)
  An ooze (D:2)
  2 dart slugs (D:1)
  A worm (D:2)
  2 leopard geckos
  5 giant cockroaches
  3 goblins
  5 hobgoblins
  3 jackals (D:2)
  5 kobolds
  A quokka (D:3)
  4 frilled lizards
  7 rats
40 creatures vanquished.

Notes
Turn   | Place    | Note
-------+----------+-------------------------------------------
     0 | D:1      | inc the Demonspawn Monk began the quest for the Orb.
     0 | D:1      | Reached XP level 1. HP: 18/18 MP: 1/1
    54 | D:1      | Gained mutation: Your flesh is cold resistant. (rC+) [demonic ancestry]
    54 | D:1      | Reached XP level 2. HP: 23/24 MP: 2/2
   646 | D:1      | Reached skill level 4 in Fighting
  1144 | D:2      | Noticed an ogre
  1233 | D:2      | Gained mutation: You have large cloven feet. [demonic ancestry]
  1233 | D:2      | Reached XP level 3. HP: 21/31 MP: 3/3
  1608 | D:3      | Noticed inc's ghost (amateur DsMo)
  2064 | D:2      | Mangled by an ogre

Skill      XL: |  1  2  3 |
---------------+----------+-----
Fighting       | 4 |  4.3
Maces & Flails | 3 |  3.3
Dodging        | |  2.6
Stealth        | |  1.7

Action                   || total
-------------------------++-------
Melee: Mace              ||   136
  Use: Scroll            ||     4
       Potion            ||     1
 Stab: Sleeping          ||     9
  Eat: Chunk             ||     3
Armor: Robe              ||     8
       Leather armour    ||    24
       Skin              ||     1
Dodge: Dodged            ||    69
